 Dungeon Crawl Stone Soup version 0.30.1-8-g117510f58f (webtiles) character file.

Game seed: 6162952435026571441

28071 LynnLen the Covert (level 13, 0/67 HPs)
             Began as a Spriggan Enchanter on Sept 22, 2023.
             Was an Elder of Vehumet.
             Slain by a spriggan rider
             ... wielding the +7 trident of Thoughtfulness {holy, Fragile rC+ rN+ Str+8}
              (29 damage)
             ... on level 3 of the Lair of Beasts.
             The game lasted 00:56:39 (17544 turns).

LynnLen the Covert (Spriggan Enchanter)            Turns: 17544, Time: 00:56:40

Health: 0/67       AC:  8    Str:  4    XL:     13   Next: 7%
Magic:  14/28      EV: 32    Int: 24    God:    Vehumet [****..]
Gold:   1774       SH:  5    Dex: 21    Spells: 16/32 levels left

rFire   + . .        I - +4 dagger (vamp)
rCold   x . .        d - orb {guile}
rNeg    . . .        D - +0 steam dragon scales
rPois   .            a - +2 hat
rElec   .            g - +0 cloak {Will+}
rCorr   .            (gloves unavailable)
SInv    +            (boots unavailable)
Will    ++...        m - amulet of reflection
Stlth   ++++++       t - ring "Aluohet" {Fire Will+ Int+3 Dex+5}
HPRegen 0.31/turn    C - +5 ring of evasion
MPRegen 0.21/turn

%: reflection
@: very quick
A: very small, no large weapons, unfitting armour, see invisible, speed 3
a: Renounce Religion


You were on level 3 of the Lair of Beasts.
You worshipped Vehumet.
Vehumet was greatly pleased with you.
You visited 3 branches of the dungeon, and saw 13 of its levels.

You collected 1774 gold pieces.

Inventory:

Hand Weapons
 c - a +1 demon whip of venom
 w - a +1 dagger of electrocution
 I - a +4 vampiric dagger (weapon)
Missiles
 B - 11 throwing nets
Armour
 a - a +2 hat (worn)
 d - an orb of guile (worn)
 g - a +0 cloak of willpower (worn)
 D - +0 steam dragon scales (worn)
 L - a +1 robe of cold resistance
Jewellery
 m - an amulet of reflection (around neck)
 t - the ring "Aluohet" (left hand) {Fire Will+ Int+3 Dex+5}
   (You took it off an orc on level 4 of the Dungeon)

   [ring of fire]

   It enhances your fire magic.
   Int:       It affects your intelligence (+3).
   Dex:       It affects your dexterity (+5).
   rF:        It protects you from fire.
   rC:        It makes you vulnerable to cold.
   Will:      It increases your willpower.
 C - a +5 ring of evasion (right hand)
 H - a ring of positive energy
Wands
 b - a wand of iceblast (15)
 s - a wand of mindburst (9)
 x - a wand of polymorph (7)
 F - a wand of light (6)
Scrolls
 k - 2 scrolls of torment
 l - 5 scrolls of teleportation
 n - 3 scrolls of fear
 o - 2 scrolls of enchant weapon {unknown}
 q - a scroll of magic mapping {unknown}
 r - 2 scrolls of poison {unknown}
 v - 3 scrolls of amnesia {unknown}
 y - 4 scrolls of silence {unknown}
 A - 2 scrolls of immolation {unknown}
 E - 2 scrolls of butterflies {unknown}
 J - a scroll of vulnerability {unknown}
Potions
 e - 3 potions of cancellation
 f - a potion of heal wounds
 h - 11 potions of curing
 i - a potion of brilliance
 j - 3 potions of lignification
 p - 3 potions of might {unknown}
 u - 3 potions of haste
 z - a potion of berserk rage
 G - 3 potions of ambrosia {unknown}
 K - 2 potions of mutation {unknown}
Miscellaneous
 M - a condenser vane


   Skills:
 + Level 7.0 Fighting
 - Level 10.0 Short Blades
 + Level 11.1 Dodging
 + Level 13.4 Stealth
 + Level 10.3 Spellcasting
 + Level 6.0 Conjurations
 - Level 8.0 Hexes
 - Level 4.0 Ice Magic
 - Level 5.0 Earth Magic


You had 16 spell levels left.
You knew the following spells:

 Your Spells              Type           Power      Damage    Failure   Level
a - Ensorcelled Hibernat  Hex/Ice        82%        N/A       1%          2
b - Confusing Touch       Hex            50%        N/A       1%          3
c - Tukima's Dance        Hex            50%        N/A       1%          3
d - Stone Arrow           Conj/Erth      76%        3d11      1%          3
e - Inner Flame           Hex/Fire       47%        N/A       1%          3
f - Poisonous Vapours     Pois/Air       24%        N/A       2%          2

Your spell library contained the following spells:

 Spells                   Type           Power      Damage    Failure   Level
 Frozen Ramparts          Ice            62%        1d10      1%          3
 Sandblast                Erth           72%        2d16      1%          1
 Dazzling Flash           Conj/Hex       92%        N/A       1%          3
 Passwall                 Tmut/Erth      20%        N/A       2%          2
 Portal Projectile        Hex/Tloc       62%        N/A       3%          3
 Summon Guardian Golem    Hex/Summ       31%        N/A       3%          3
 Leda's Liquefaction      Hex/Erth       21%        N/A       3%          4
 Flame Wave               Conj/Fire      40%        2d11      4%          4
 Sticky Flame             Conj/Fire      40%        2d6       4%          4
 Summon Small Mammal      Summ           48%        N/A       5%          1
 Call Canine Familiar     Summ           12%        N/A       16%         3
 Gell's Gravitas          Tloc           12%        N/A       16%         3
 Teleport Other           Tloc           12%        N/A       16%         3
 Dispersal                Tloc           6%         N/A       100%        6


Dungeon Overview and Level Annotations

Branches:
Dungeon (9/15)             Temple (1/1) D:7            Lair (3/5) D:8
  Swamp (0/4) Lair:3        Snake (0/4) Lair:2
    Orc: D:9-12

Altars:
Ashenzari
Cheibriados
Dithmenos
Elyvilon
Fedhas
Gozag
Hepliaklqana
Kikubaaqudgha
Makhleb
Nemelex Xobeh
Okawaru
Qazlal
Ru
Sif Muna
Trog
Uskayaw
Vehumet
Wu Jian
Xom
Yredelemnul
Zin
The Shining One

Shops:
D:6 (

Annotations:
Lair:3 laqueoix's ghost, journeyman DsGl


Innate Abilities, Weirdness & Mutations

You are very small and have problems with some larger weapons.
You are too small for most types of armour.
You have supernaturally acute eyesight. (SInv)
You cover ground extremely quickly. (Speed+++)


Message History

Unknown command.
Aiming: Stone Arrow (safe; 1% risk of failure)
Press: ? - help, Q - select action, (/) - cycle Shift-Dir - straight line, f/p - polar bear
Aim: a polar bear (severely wounded, inner flame, 81% to hit)
Your line of fire to the polar bear is blocked by a plant.
Unknown command.
Aiming: Stone Arrow (safe; 1% risk of failure)
Press: ? - help, Q - select action, (/) - cycle Shift-Dir - straight line, f/p - polar bear
Aim: a polar bear (severely wounded, inner flame, 81% to hit)
Your line of fire to the polar bear is blocked by a plant.
Unknown command.
The spriggan rider misses you.
The spriggan rider hits you from afar with the +7 trident of Thoughtfulness {holy, Fragile rC+ rN+ Str+8}!
The polar bear goes berserk!
The spriggan rider hits you from afar with the +7 trident of Thoughtfulness {holy, Fragile rC+ rN+ Str+8}!
Aiming: Stone Arrow (safe; 1% risk of failure)
Press: ? - help, Q - select action, (/) - cycle Shift-Dir - straight line, f/p - polar bear
Aim: a polar bear (severely wounded, berserk, inner flame, 81% to hit)
The stone arrow hits the spriggan rider!
The spriggan rider is heavily wounded.
You block the spriggan's attack.
The spriggan rider hits you from afar with the +7 trident of Thoughtfulness {holy, Fragile rC+ rN+ Str+8}.
The spriggan barely misses you.
The spriggan rider hits you from afar with the +7 trident of Thoughtfulness {holy, Fragile rC+ rN+ Str+8}!!
The polar bear rages.
The spriggan rider barely misses you.
Aiming: Stone Arrow (safe; 1% risk of failure)
Press: ? - help, Q - select action, (/) - cycle Shift-Dir - straight line, f/p - polar bear
Aim: a polar bear (severely wounded, berserk, inner flame, 81% to hit)
The stone arrow hits the spriggan rider!
The spriggan rider is severely wounded.
The spriggan barely misses you. The spriggan rider misses you.
The spriggan misses you.
Aiming: Stone Arrow (safe; 1% risk of failure)
Press: ? - help, Q - select action, (/) - cycle Shift-Dir - straight line, f/p - polar bear
Aim: a polar bear (severely wounded, berserk, inner flame, 81% to hit)
The stone arrow hits the spriggan rider!!
The spriggan rider is almost dead.
The spriggan rider hits you from afar with the +7 trident of Thoughtfulness {holy, Fragile rC+ rN+ Str+8}!!
You die...

............~≈~≈~~~.....######.##
............~.~..................
#####...^.......>..>...PP##.#...#
♣†♣♣#..................#######.##
.♣.♣#..................## ###
♣♣♣.#..................P#
.♣.♣#..................P#########
♣.♣♣#.............i..............
#.#♣#...........@.i.h..P.########
.#.##.............h.#..###
#8#.#............####...#
.#.##.............# ##.P#
#}#♣#........###### #..####### #
♣.♣♣#.....####♣♣♣ #...##.#.###
.♣.♣##...##♣♣♣♣..### #...........
♣♣♣.###..#♣♣=♣..##.# #.######.#.#
.♣.♣###..#♣.....#∩.###.# #####


You could see a spriggan rider, 2 polar bears and a spriggan.

Vanquished Creatures
  Nessos (Lair:3)
  Snorg (Lair:2)
  Harold (Lair:1)
  A boulder beetle (Lair:2)
  An anaconda (Lair:3)
  A hydra (Lair:3)
  An alligator (Lair:3)
  4 death yaks (Lair:3)
  A skyshark (Lair:3)
  Amaemon (Lair:1)
  An oklob plant (Lair:3)
  A guardian serpent (Lair:2)
  Maurice (D:9)
  7 black mambas
  An orange demon (Lair:1)
  2 torpor snails (Lair:3)
  9 cane toads
  4 komodo dragons
  A hornet (D:7)
  4 polar bears
  A troll (D:8)
  12 blink frogs
  2 dream sheep (Lair:3)
  Sigmund (D:4)
  2 wyverns
  A wraith (D:9)
  12 yaks
  Eustachio (D:4)
  A steam dragon (D:5)
  5 swamp worms (Lair:3)
  10 water moccasins
  2 sky beasts (D:8)
  A black bear (D:6)
  7 wolves
  2 phantoms
  Blork the orc (D:5)
  3 kobold brigands
  15 bullfrogs
  3 scorpions
  A gnoll sergeant (D:9)
  6 wights
  4 killer bees (D:9)
  4 electric eels
  6 hounds
  A jelly (D:6)
  A gnoll bouda (D:7)
  6 orc priests
  3 sleepcaps
  Ijyb (D:5)
  Crazy Yiuf (D:2)
  Natasha (thrice) (D:2)
  4 iguanas
  6 orc wizards
  4 gnolls
  9 adders
  A shadow imp (D:5)
  3 ufetubi
  A worm (D:2)
  3 dart slugs
  20 orcs
  4 endoplasms
  14 giant cockroaches
  3 goblins
  7 hobgoblins
  7 jackals
  4 quokkas
  6 ball pythons
  5 bats
  4 frilled lizards
  17 kobolds
  6 rats
291 creatures vanquished.

Vanquished Creatures (collateral kills)
  An ogre (D:5)
  A centaur (D:7)
  5 wights
  8 gnolls
15 creatures vanquished.

Vanquished Creatures (others)
  7 dancing weapons
7 creatures vanquished.

Grand Total: 313 creatures vanquished

Notes
Turn   | Place    | Note
-------+----------+-------------------------------------------
     0 | D:1      | LynnLen the Spriggan Enchanter began the quest for the Orb.
     0 | D:1      | Reached XP level 1. HP: 9/9 MP: 5/5
   364 | D:1      | Reached XP level 2. HP: 13/13 MP: 6/6
   367 | D:1      | Learned a level 2 spell: Ensorcelled Hibernation
   828 | D:2      | Reached XP level 3. HP: 15/17 MP: 6/8
  1224 | D:2      | Reached skill level 1 in Ice Magic
  1355 | D:2      | Noticed Natasha
  1396 | D:2      | Killed Natasha
  1397 | D:2      | Reached XP level 4. HP: 21/21 MP: 9/9
  1401 | D:2      | Learned a level 3 spell: Confusing Touch
  1405 | D:2      | Learned a level 3 spell: Tukima's Dance
  1813 | D:2      | Noticed Natasha
  2072 | D:2      | Killed Natasha
  2073 | D:2      | Reached skill level 5 in Stealth
  2085 | D:2      | Found a runed translucent door.
  2086 | D:2      | Noticed Crazy Yiuf
  2341 | D:2      | Noticed Natasha
  2413 | D:2      | Killed Natasha
  2414 | D:2      | Reached XP level 5. HP: 22/25 MP: 3/10
  2508 | D:2      | Killed Crazy Yiuf
  2509 | D:2      | Reached skill level 1 in Fighting
  2719 | D:3      | Found a faded altar of an unknown god.
  2923 | D:3      | Found a white marble altar of Elyvilon.
  4093 | D:4      | Noticed Sigmund
  4099 | D:4      | Killed Sigmund
  4100 | D:4      | Reached skill level 5 in Hexes
  4100 | D:4      | Reached XP level 6. HP: 30/30 MP: 12/12
  4122 | D:4      | Identified the ring "Aluohet" {Fire Will+ Int+3 Dex+5}
  4523 | D:4      | Identified the +2 helmet of the Bulwark {rN+ Int+4}
  4923 | D:4      | Reached XP level 7. HP: 21/33 MP: 8/14
  5040 | D:4      | Noticed Eustachio
  5334 | D:4      | Killed Eustachio
  5335 | D:4      | Reached skill level 6 in Stealth
  6087 | D:5      | Entered Level 5 of the Dungeon
  6596 | D:5      | Noticed Blork the orc
  6600 | D:5      | Killed Blork the orc
  6601 | D:5      | Reached XP level 8. HP: 33/39 MP: 8/15
  6833 | D:5      | Reached skill level 5 in Dodging
  7005 | D:5      | Noticed Ijyb
  7014 | D:5      | Killed Ijyb
  7488 | D:6      | Reached skill level 7 in Stealth
  7488 | D:6      | Reached skill level 5 in Spellcasting
  7555 | D:6      | Learned a level 3 spell: Stone Arrow
  8166 | D:6      | Found Xac Lis's Weapon Boutique.
  8286 | D:7      | Reached XP level 9. HP: 43/43 MP: 18/18
  8572 | D:7      | Found a basalt altar of Yredelemnul.
  8640 | D:7      | Reached skill level 8 in Stealth
  8664 | D:7      | Found a broken altar of Ashenzari.
  8697 | D:7      | Found an iron altar of Okawaru.
  8976 | D:7      | Reached skill level 1 in Conjurations
  9022 | D:7      | Found a staircase to the Ecumenical Temple.
  9243 | Temple   | Entered the Ecumenical Temple
  9332 | Temple   | Became a worshipper of Vehumet
  9357 | D:8      | Found a staircase to the Lair.
  9357 | D:8      | Noticed a troll
  9584 | D:8      | Reached skill level 5 in Short Blades
  9584 | D:8      | Reached skill level 1 in Earth Magic
  9997 | D:8      | Killed a troll
 10565 | D:8      | Reached skill level 9 in Stealth
 10638 | D:8      | Reached XP level 10. HP: 49/49 MP: 10/20
 11165 | D:8      | Reached * piety under Vehumet
 11165 | D:8      | Offered knowledge of Foxfire by Vehumet.
 11563 | D:9      | Found an ancient bone altar of Kikubaaqudgha.
 11608 | D:9      | Found an opulent altar of Gozag.
 11771 | D:9      | Noticed Maurice
 11782 | D:9      | Killed Maurice
 12096 | Lair:1   | Entered Level 1 of the Lair of Beasts
 12261 | Lair:1   | Noticed a cane toad
 12276 | Lair:1   | Noticed a cane toad
 12277 | Lair:1   | Killed a cane toad
 12286 | Lair:1   | Killed a cane toad
 12320 | Lair:1   | Reached skill level 10 in Stealth
 12522 | Lair:1   | Noticed a black mamba
 12536 | Lair:1   | Killed a black mamba
 12570 | Lair:1   | Offered knowledge of Kiss of Death by Vehumet.
 12589 | Lair:1   | Reached XP level 11. HP: 54/54 MP: 23/23
 12592 | Lair:1   | Reached ** piety under Vehumet
 12600 | Lair:1   | Noticed Harold
 12610 | Lair:1   | Killed Harold
 12611 | Lair:1   | Reached skill level 5 in Fighting
 12663 | Lair:1   | Found a glowing silver altar of Zin.
 12841 | Lair:1   | Noticed Amaemon
 12856 | Lair:1   | Killed Amaemon
 12981 | Lair:1   | Identified the +0 chain mail "Gyacisku" {rElec Slay+2}
 13061 | Lair:2   | Found a staircase to the Snake Pit.
 13169 | Lair:2   | Identified a scroll of acquirement
 13169 | Lair:2   | Acquired 1005 gold pieces
 13174 | Lair:2   | Reached skill level 11 in Stealth
 13233 | Lair:2   | Found a hide-covered altar of Uskayaw.
 13233 | Lair:2   | Found an ornate altar of the Wu Jian Council.
 13233 | Lair:2   | Noticed a boulder beetle
 13252 | Lair:2   | Killed a boulder beetle
 13429 | Lair:2   | Offered knowledge of Poisonous Vapours by Vehumet.
 14203 | Lair:3   | Noticed Snorg
 14237 | Lair:3   | Reached *** piety under Vehumet
 14238 | Lair:3   | Reached XP level 12. HP: 60/60 MP: 25/25
 14613 | Lair:3   | Noticed an alligator
 14634 | Lair:3   | Killed an alligator
 14635 | Lair:3   | Reached skill level 5 in Conjurations
 14653 | Lair:3   | Learned a level 3 spell: Inner Flame
 14656 | Lair:3   | Learned a level 2 spell: Poisonous Vapours
 14721 | Lair:3   | Noticed a six-headed hydra
 14724 | Lair:3   | Killed a six-headed hydra
 14725 | Lair:3   | Reached skill level 12 in Stealth
 14725 | Lair:3   | Reached skill level 5 in Earth Magic
 14780 | Lair:3   | Noticed a death yak
 14781 | Lair:3   | Noticed a death yak
 14781 | Lair:3   | Noticed a death yak
 14781 | Lair:3   | Noticed a death yak
 14811 | Lair:3   | Killed a death yak
 14812 | Lair:3   | Reached skill level 10 in Short Blades
 14911 | Lair:3   | Killed a death yak
 14912 | Lair:3   | Reached skill level 10 in Dodging
 14933 | Lair:3   | Killed a death yak
 15190 | Lair:3   | Killed a death yak
 15190 | Lair:3   | Offered knowledge of Frozen Ramparts by Vehumet.
 15296 | Lair:2   | Killed Snorg
 15801 | Lair:3   | Found a runed translucent door.
 15805 | Lair:3   | Identified the +7 trident of Thoughtfulness {holy, Fragile
                  | rC+ rN+ Str+8}
 15806 | Lair:3   | Noticed laqueoix's ghost (journeyman DsGl)
 15839 | Lair:3   | Noticed Nessos
 15846 | Lair:3   | Killed Nessos
 16032 | Lair:3   | Reached skill level 13 in Stealth
 16179 | Lair:3   | Found a staircase to the Swamp.
 16226 | Lair:3   | Reached skill level 10 in Spellcasting
 17059 | Lair:3   | Reached **** piety under Vehumet
 17099 | Lair:3   | Reached XP level 13. HP: 66/66 MP: 17/28
 17544 | Lair:3   | Slain by a spriggan rider

Illustrated notes

Levels and vault maps discovered:
D:1:      psy_arrival_spokes, layout_loops_ring
D:2:      minmay_roachtagon, layout_loops_ring, minmay_octomino_c4,
          uniq_natasha, uniq_crazy_yiuf_cottage
D:3:      kb_forest_paths, layout_basic, elyvilon_altar_4,
          hellmonk_ecumenical_altar_heavens_door, st_stairs_7
D:4:      minmay_evil_eye, layout_gridville, uniq_sigmund, uniq_eustachio
D:5:      layout_loops_corners, lexackson_kobold_supper, uniq_ijyb,
          uniq_blork_the_orc
D:6:      layout_gridville, serial_shops, nicolae_shop_pleasant_corner_grove
D:7:      layout_cave_pools, mainiacjoe_overflow_surrounded_room,
          mainiacjoe_overflow_alcove_2, yredelemnul_altar_generic,
          temple_doors_cd
D:8:      layout_gridville, erik_lair_island
D:9:      layout_irregular_city, mainiacjoe_overflow_catch_the_wave,
          uniq_maurice
Temple:   kb_temple_of_zot
Lair:1:   layout_chaotic_city, basic_altar, grunt_megastairs_5, uniq_harold,
          uniq_amaemon
Lair:2:   layout_chaotic_city, minmay_snake_entry_spellcaster,
          nzn_masters_of_martial_movement
Lair:3:   nzn_winding_woodlands_stair_cross [nzn_winding_woodlands_5x15_crooked,
          nzn_winding_woodlands_center_diamonds,
          nzn_winding_woodlands_5x15_zeroes, nzn_winding_woodlands_5x5_default,
          nzn_winding_woodlands_5x5_closed_star,
          nzn_winding_woodlands_5x15_concentric,
          nzn_winding_woodlands_center_pierced_h,
          nzn_winding_woodlands_5x15_default], layout_small_grid,
          nicolae_swamp_entry_splash_gauntlet, ebering_ghost_funeral_grove,
          infiniplex_staircase_pool_2, uniq_snorg, uniq_nessos

Skill      XL: |  1  2  3  4  5  6  7  8  9 10 11 12 13 |
---------------+----------------------------------------+-----
Hexes          | 4 5 6 7 8 |  8.0
Dodging        | 3 4 5 7 8 9 10 11 | 11.1
Spellcasting   | 3 4 5 6 7 8 10 | 10.3
Ice Magic      | 1 2 3 4 |  4.0
Short Blades   | 2 3 4 5 7 9 10 | 10.0
Stealth        | 5 6 7 9 10 11 13 | 13.4
Fighting       | 1 2 4 5 6 7 |  7.0
Conjurations   | 2 3 4 5 6 |  6.0
Earth Magic    | 1 3 4 5 |  5.0

Action                     |  1- 3 |  4- 6 |  7- 9 | 10-12 | 13-15 || total
---------------------------+-------+-------+-------+-------+-------++-------
  Melee: Dagger            |   103 |   163 |   405 |   245 |       ||   916
         Punch             |       |     1 |       |       |       ||     1
         Unarmed           |       |       |     1 |       |       ||     1
   Cast: Ensorcelled Hiber |    11 |    43 |    41 |    72 |       ||   167
         Tukima's Dance    |       |     3 |    20 |     7 |       ||    30
         Confusing Touch   |       |       |    26 |    14 |       ||    40
         Stone Arrow       |       |       |       |    56 |    18 ||    74
         Inner Flame       |       |       |       |    15 |     1 ||    16
    Use: Scroll            |     4 |     1 |     5 |     2 |       ||    12
         Potion            |       |     3 |       |     2 |       ||     5
   Stab: Sleeping          |    12 |    32 |    41 |    71 |       ||   156
         Distracted        |     2 |       |       |       |       ||     2
         Confused          |       |       |    18 |    16 |       ||    34
 Armour: Robe              |    10 |    24 |    12 |       |       ||    46
         Steam dragon scal |       |       |    27 |    18 |     1 ||    46
  Dodge: Dodged            |    67 |   131 |   225 |   215 |    12 ||   650
  Block: Orb               |       |    21 |    61 |    54 |     2 ||   138
         Reflection        |       |     1 |     1 |       |       ||     2
